 Dungeon Crawl Stone Soup version 0.27.0-1-g7a089689b8 (webtiles) character file.

Game seed: 13218366655707924906

16 Descartes the Slasher (level 2, -1/26 HPs)
             Began as a Naga Warper on July 31, 2021.
             Slain by a goblin (5 damage)
             ... led by Robin
             ... on level 2 of the Dungeon.
             The game lasted 00:01:15 (1144 turns).

Descartes the Slasher (Naga Warper)                 Turns: 1144, Time: 00:01:15

Health: -1/26      AC:  2    Str: 13    XL:     2   Next: 54%
Magic:  5/5        EV:  9    Int: 13    God:
Gold:   41         SH:  0    Dex: 10    Spells: 5/5 levels left

rFire    . . .     SeeInvis +   a - +0 falchion
rCold    . . .     Faith    .   (no shield)
rNeg     . . .     Spirit   .   b - +0 leather armour
rPois    +         Reflect  .   (no helmet)
rElec    .         Harm     .   (no cloak)
rCorr    .         Rampage  .   (no gloves)
Will     .....                  (no barding)
Stlth    +.........             (no amulet)
HPRegen  0.08/turn              (no ring)
MPRegen  0.09/turn              (no ring)

@: very slow
A: AC +0, large, see invisible, deformed body, poison resistance, slowness 2,
spit poison 1, naga tail 1
a: Spit Poison


You were on level 2 of the Dungeon.
You visited 1 branch of the dungeon, and saw 2 of its levels.

You collected 41 gold pieces.

Inventory:

Hand Weapons
 a - a +0 falchion (weapon)
 j - a +0 hunting sling
Missiles
 d - 5 boomerangs of dispersal (quivered)
 h - 10 stones
 l - 27 poisoned darts
 m - 19 arrows
Armour
 b - a +0 leather armour (worn)
Magical Staves
 i - a staff of death
Jewellery
 f - a +4 ring of slaying
Scrolls
 c - a scroll of blinking
 g - a scroll of acquirement {unknown}
 k - a scroll of vulnerability {unknown}
 n - a scroll of magic mapping {unknown}
Potions
 e - a potion of might {unknown}


   Skills:
 - Level 2.0 Fighting
 + Level 3.1 Long Blades
 - Level 0.8 Throwing
 - Level 0.7 Armour
 - Level 1.5 Dodging
 - Level 2.0 Spellcasting
 - Level 3.0 Translocations


You had 5 spell levels left.
You didn't know any spells.
Your spell library contained the following spells:

 Spells                   Type           Power      Damage    Failure   Level
 Blink                    Tloc           N/A        N/A       14%         2
 Gell's Gravitas          Tloc           4%         N/A       28%         3
 Lesser Beckoning         Tloc           4%         N/A       28%         3
 Teleport Other           Tloc           9%         N/A       28%         3
 Manifold Assault         Tloc           9%         N/A       95%         5


Dungeon Overview and Level Annotations

Branches:
Dungeon (2/15)

Altars:

Annotations:
D:2 Robin


Innate Abilities, Weirdness & Mutations

Your serpentine skin is tough. (AC +0)
You have supernaturally acute eyesight. (SInv)
Armour fits poorly on your strangely shaped body.
Your system is resistant to poisons. (rPois)
You cover ground very slowly.
You can spit poison.
You have a snake-like lower body.


Message History

You kill the goblin!
You hear a shout!
You closely miss the goblin. The goblin hits you with a +0 club.
Robin of the Strong Arm comes into view.
They are wielding a +0 mace and wearing a +2 helmet of intelligence.
A goblin comes into view. It is wielding a +0 club.
The goblin hits you with a +0 club.
You closely miss the goblin. The goblin closely misses you.
You hit the goblin.
The goblin is heavily wounded.
A goblin comes into view. It is wielding a +0 club.
Robin roars a battlecry!
The goblins go into a battle-frenzy!
The goblin hits you but does no damage.
The goblin moves out of view.
You hear a shout! x2
You hit the goblin but do no damage.
The goblin is heavily wounded.
The goblin hits you but does no damage. Robin throws the goblin at you!
The goblin hits you with a +0 club.
A hobgoblin comes into view.
You hit the goblin.
The goblin is heavily wounded.
The goblin hits you but does no damage.
A goblin comes into view. It is wielding a +0 dagger.
Robin throws the goblin at you! The goblin hits you with a +0 club.
A hobgoblin comes into view.
You closely miss the goblin.
The goblin is heavily wounded.
The goblin hits you with a +0 club. The goblin hits you but does no damage.
The goblin hits you with a +0 club.
* * * LOW HITPOINT WARNING * * *
The goblin closely misses you.
You riposte.
You hit the goblin.
You kill the goblin!
The goblin hits you with a +0 dagger.
* * * LOW HITPOINT WARNING * * *
Robin throws the goblin at you!
* * * LOW HITPOINT WARNING * * *
You closely miss the goblin.
The goblin is heavily wounded.
The goblin hits you with a +0 club.
You die...

#........#
#.#.###..#
#.#.#⌠#..#####
#...###.......
#######......#######
........##..<.......
#######.############
#.....gg# #######@#
#g# #g# #.# #g#


.gg ... .## #. You could see Robin, 2 hobgoblins and 4 goblins.

Vanquished Creatures
  A dart slug (D:1)
  An endoplasm (D:1)
  A giant cockroach (D:1)
  4 goblins
  A quokka (D:1)
  3 ball pythons (D:1)
  2 frilled lizards (D:1)
  A rat (D:1)
14 creatures vanquished.

Notes
Turn   | Place    | Note
-------+----------+-------------------------------------------
     0 | D:1      | Descartes the Naga Warper began the quest for the Orb.
     0 | D:1      | Reached XP level 1. HP: 19/19 MP: 3/3
   618 | D:1      | Reached XP level 2. HP: 22/26 MP: 5/5
  1137 | D:2      | Noticed Robin
  1144 | D:2      | Slain by a goblin

Illustrated notes

Levels and vault maps discovered:
D:1:      minmay_arrival_plants_in_alcoves, layout_basic
D:2:      layout_basic, feat_on_display, uniq_natasha, uniq_robin

Skill      XL: |  1  2 |
---------------+-------+-----
Long Blades    | 3 |  3.1
Fighting       | |  2.0
Throwing       | |  0.8
Armour         | |  0.7
Dodging        | |  1.5
Spellcasting   | |  2.0
Translocations | |  3.0

Action                   || total
-------------------------++-------
Melee: Falchion          ||    51
Armor: Leather armour    ||    12
Dodge: Dodged            ||    25
       Rpst.: Falchion   ||     7
